TOP OF THE 1ST |
Surrey Sinners batting - Pitching for Eau Claire Esquires : LHP Manuel Encarnación
|
Pitching: LHP Manuel Encarnación
|
|
Batting: LHB Tony Smith
|
0-0: Fly out, F8 (Flyball, 8RD)
|
Batting: RHB Clint Younger
|
0-0: Called Strike 0-1: Ball 1-1: Swinging Strike 1-2: Strikes out swinging
|
Batting: RHB Daniel Santiago
|
0-0: Foul Ball, location: 2F 0-1: Ball 1-1: Ground out 6-3 (Groundball, 6)
|
Top of the 1st over - 0 run(s), 0 hit(s), 0 error(s), 0 left on base; Surrey 0 - Eau Claire 0 |
BOTTOM OF THE 1ST |
Eau Claire Esquires batting - Pitching for Surrey Sinners : RHP Bill Chase
|
Pitching: RHP Bill Chase
|
|
Batting: SHB Álex Hernández
|
0-0: Foul Ball, location: 2F 0-1: Swinging Strike 0-2: Foul Ball, location: 2F 0-2: Ball 1-2: Strikes out swinging
|
Batting: LHB Johnny Foley
|
0-0: Ball 1-0: Ground out 4-3 (Groundball, 4)
|
Batting: RHB Terry Perkins
|
0-0: Ground out 6-3 (Groundball, 6)
|
Bottom of the 1st over - 0 run(s), 0 hit(s), 0 error(s), 0 left on base; Surrey 0 - Eau Claire 0 |
TOP OF THE 2ND |
Surrey Sinners batting - Pitching for Eau Claire Esquires : LHP Manuel Encarnación
|
Batting: RHB Augusto Trevino
|
0-0: Ball 1-0: Called Strike 1-1: Called Strike 1-2: Strikes out swinging
|
Batting: LHB José Blanco
|
0-0: Called Strike 0-1: DOUBLE (Line Drive, 5D)
|
Batting: RHB Cooper Richard
|
0-0: Ball 1-0: Ground out 5-3 (Groundball, 5S) José Blanco to third
|
Batting: LHB Buddy Rice
|
0-0: Ball 1-0: Called Strike 1-1: Swinging Strike 1-2: Fly out, F4 (Line Drive, 4)
|
Top of the 2nd over - 0 run(s), 1 hit(s), 0 error(s), 1 left on base; Surrey 0 - Eau Claire 0 |
BOTTOM OF THE 2ND |
Eau Claire Esquires batting - Pitching for Surrey Sinners : RHP Bill Chase
|
Batting: RHB Félix Gonzáles
|
0-0: Ball 1-0: Swinging Strike 1-1: Foul Ball, location: 2F 1-2: Ball 2-2: SINGLE (Line Drive, 4MD)
|
Batting: LHB José Martínez
|
0-0: Ball 1-0: Ball 2-0: Ball 3-0: Called Strike 3-1: Base on Balls Félix Gonzáles to second
|
Batting: RHB Nelson Castro
|
0-0: Ball 1-0: Ball 2-0: Ball 3-0: Called Strike 3-1: Fly out, F9 (Flyball, 9M)
|
Batting: RHB David Alonso
|
0-0: Ball 1-0: Called Strike 1-1: Fly out, F3 (Popup, 3SF)
|
Batting: RHB Luis Pérez
|
0-0: Swinging Strike 0-1: Ball 1-1: Ball 2-1: Ball 3-1: Swinging Strike 3-2: Base on Balls Félix Gonzáles to third José Martínez to second
|
Batting: RHB Dave Anderson
|
0-0: Ball 1-0: SINGLE (Flyball, 9LS) Félix Gonzáles scores José Martínez to third Luis Pérez to second Runner from 3rd tries for Home, SAFE, no throw or cutoff
|
Batting: SHB Álex Hernández
|
0-0: Ball 1-0: Ball 2-0: SINGLE (Flyball, 78S) Luis Pérez to third Dave Anderson to second Runner from 3rd tries for Home, SAFE, no throw or cutoff
|
Batting: LHB Johnny Foley
|
0-0: Fly out, F6 (Popup, 6MS)
|
Bottom of the 2nd over - 3 run(s), 3 hit(s), 0 error(s), 2 left on base; Surrey 0 - Eau Claire 3 |
TOP OF THE 3RD |
Surrey Sinners batting - Pitching for Eau Claire Esquires : LHP Manuel Encarnación
|
Batting: RHB Félix Castro
|
0-0: Ball 1-0: Called Strike 1-1: Fly out, F8 (Flyball, 78M)
|
Batting: RHB Shawn Gutiérrez
|
0-0: SINGLE (Groundball, 56)
|
Batting: LHB Tony Smith
|
0-0: Called Strike 0-1: SINGLE (Line Drive, 78S) Shawn Gutiérrez to second
|
Batting: RHB Clint Younger
|
0-0: Ball 1-0: Called Strike 1-1: Ball 2-1: Ball 3-1: Called Strike 3-2: SINGLE (Flyball, 78S) Shawn Gutiérrez to third Tony Smith to second
|
Batting: RHB Daniel Santiago
|
0-0: Ball 1-0: GRAND SLAM HOME RUN (Flyball, 89XD), Distance : 378 ft
|
Batting: RHB Augusto Trevino
|
0-0: Called Strike 0-1: Foul Ball, location: 2F 0-2: Strikes out swinging
|
Batting: LHB José Blanco
|
0-0: Swinging Strike 0-1: Ball 1-1: Swinging Strike 1-2: Strikes out swinging
|
Top of the 3rd over - 4 run(s), 4 hit(s), 0 error(s), 0 left on base; Surrey 4 - Eau Claire 3 |
BOTTOM OF THE 3RD |
Eau Claire Esquires batting - Pitching for Surrey Sinners : RHP Bill Chase
|
Batting: RHB Terry Perkins
|
0-0: Called Strike 0-1: Swinging Strike 0-2: Ball 1-2: Ball 2-2: Strikes out looking
|
Batting: RHB Félix Gonzáles
|
0-0: Ball 1-0: Called Strike 1-1: Foul Ball, location: 2F 1-2: Ball 2-2: Ball 3-2: Ground out 6-3 (Groundball, 6)
|
Batting: LHB José Martínez
|
0-0: Ball 1-0: Ball 2-0: Called Strike 2-1: Ball 3-1: Foul Ball, location: 2F 3-2: Foul Ball, location: 2F 3-2: Base on Balls
|
Batting: RHB Nelson Castro
|
0-0: Called Strike 0-1: Swinging Strike 0-2: Ball 1-2: Ball 2-2: Strikes out swinging
|
Bottom of the 3rd over - 0 run(s), 0 hit(s), 0 error(s), 1 left on base; Surrey 4 - Eau Claire 3 |
TOP OF THE 4TH |
Surrey Sinners batting - Pitching for Eau Claire Esquires : LHP Manuel Encarnación
|
Batting: RHB Cooper Richard
|
0-0: Ball 1-0: Ball 2-0: Called Strike 2-1: SINGLE (Line Drive, 56)
|
Batting: LHB Buddy Rice
|
0-0: Ball Cooper Richard steals 2nd base 1-0: Foul Ball, location: 2F 1-1: Ball 2-1: Swinging Strike 2-2: Foul Ball, location: 2F 2-2: Strikes out swinging
|
Batting: RHB Félix Castro
|
0-0: Called Strike 0-1: Foul Ball, location: 2F 0-2: Strikes out swinging
|
Batting: RHB Shawn Gutiérrez
|
0-0: Called Strike 0-1: Ball 1-1: Ball 2-1: Ball Cooper Richard is caught stealing 3rd base
|
Top of the 4th over - 0 run(s), 1 hit(s), 0 error(s), 0 left on base; Surrey 4 - Eau Claire 3 |
BOTTOM OF THE 4TH |
Eau Claire Esquires batting - Pitching for Surrey Sinners : RHP Bill Chase
|
Batting: RHB David Alonso
|
0-0: Ball 1-0: Ball 2-0: Called Strike 2-1: Swinging Strike 2-2: SINGLE (Flyball, 89S)
|
Batting: RHB Luis Pérez
|
0-0: SINGLE (Flyball, 8RS) David Alonso to second
|
Batting: RHB Dave Anderson
|
0-0: Ball 1-0: Grounds into double play, U5-3 (Groundball, 5L) Luis Pérez to second
|
Batting: SHB Álex Hernández
|
0-0: Ball 1-0: Ball 2-0: Ball 3-0: Called Strike 3-1: Called Strike 3-2: Base on Balls
|
Batting: LHB Johnny Foley
|
0-0: Called Strike 0-1: Called Strike 0-2: Strikes out swinging
|
Bottom of the 4th over - 0 run(s), 2 hit(s), 0 error(s), 2 left on base; Surrey 4 - Eau Claire 3 |
TOP OF THE 5TH |
Surrey Sinners batting - Pitching for Eau Claire Esquires : LHP Manuel Encarnación
|
Batting: RHB Shawn Gutiérrez
|
0-0: Ball 1-0: Ball 2-0: Ground out 5-3 (Groundball, 56)
|
Batting: LHB Tony Smith
|
0-0: Ball 1-0: Foul Ball, location: 2F 1-1: Foul Ball, location: 2F 1-2: Ground out 1-3 (Groundball, 25)
|
Batting: RHB Clint Younger
|
0-0: Ball 1-0: Ball 2-0: Ball 3-0: Called Strike 3-1: Base on Balls
|
Batting: RHB Daniel Santiago
|
0-0: Called Strike Clint Younger steals 2nd base 0-1: SINGLE (Line Drive, 6MD) Clint Younger to third Runner from 3rd tries for Home, SAFE, no throw or cutoff
|
Batting: RHB Augusto Trevino
|
0-0: Foul Ball, location: 2F 0-1: Ball 1-1: Ball 2-1: Ball 3-1: Called Strike 3-2: Base on Balls Daniel Santiago to second
|
Batting: LHB José Blanco
|
0-0: Swinging Strike 0-1: Ball 1-1: Swinging Strike 1-2: Ball 2-2: Strikes out swinging
|
Top of the 5th over - 1 run(s), 1 hit(s), 0 error(s), 2 left on base; Surrey 5 - Eau Claire 3 |
BOTTOM OF THE 5TH |
Eau Claire Esquires batting - Pitching for Surrey Sinners : RHP Bill Chase
|
Batting: RHB Terry Perkins
|
0-0: Ball 1-0: Hit by Pitch
|
Batting: RHB Félix Gonzáles
|
0-0: Ball 1-0: Ball 2-0: Ball 3-0: Base on Balls Terry Perkins to second
|
Batting: LHB José Martínez
|
0-0: Ball 1-0: Ball 2-0: Ball 3-0: Base on Balls Terry Perkins to third Félix Gonzáles to second
|
Pitching: LHP Dennis Morales
|
|
Batting: RHB Nelson Castro
|
0-0: Ball 1-0: Ball 2-0: Ball 3-0: Base on Balls Terry Perkins scores Félix Gonzáles to third José Martínez to second
|
Batting: RHB David Alonso
|
0-0: Ball 1-0: Called Strike 1-1: Foul Ball, location: 2F 1-2: Grounds into fielders choice 4-2 (Groundball, 13) José Martínez to third Nelson Castro to second
|
|
|
Batting: RHB Luis Pérez
|
0-0: Called Strike 0-1: Fly out, F7 (Line Drive, 7M) Runner from 3rd tags up, SCORES, throw made
|
Batting: RHB Dave Anderson
|
0-0: Called Strike 0-1: Ball 1-1: Ball 2-1: Foul Ball, location: 2F 2-2: Strikes out swinging
|
Bottom of the 5th over - 2 run(s), 0 hit(s), 0 error(s), 2 left on base; Surrey 5 - Eau Claire 5 |
TOP OF THE 6TH |
Surrey Sinners batting - Pitching for Eau Claire Esquires : LHP Manuel Encarnación
|
Batting: RHB Cooper Richard
|
0-0: Ball 1-0: Called Strike 1-1: Foul Ball, location: 2F 1-2: Ball 2-2: Ball 3-2: Foul Ball, location: 2F 3-2: Ground out 6-3 (Groundball, 6)
|
Pitching: RHP Robinson Alomar
|
|
Batting: LHB Buddy Rice
|
0-0: Ball 1-0: Foul Ball, location: 2F 1-1: Fly out, F5 (Popup, 25F)
|
Batting: RHB Félix Castro
|
0-0: Ball 1-0: Ball 2-0: Called Strike 2-1: SINGLE (Groundball, 6MD)
|
Batting: RHB Shawn Gutiérrez
|
0-0: Foul Ball, location: 2F 0-1: Ball 1-1: Ball 2-1: SINGLE (Groundball, 56) Félix Castro to second
|
Batting: LHB Tony Smith
|
0-0: Fielders Choice at 2nd, U6 (Groundball, 6M)
|
Top of the 6th over - 0 run(s), 2 hit(s), 0 error(s), 2 left on base; Surrey 5 - Eau Claire 5 |
BOTTOM OF THE 6TH |
Eau Claire Esquires batting - Pitching for Surrey Sinners : LHP Dennis Morales
|
Batting: SHB Álex Hernández
|
0-0: Foul Ball, location: 2F 0-1: Swinging Strike 0-2: Foul Ball, location: 2F 0-2: Ball 1-2: Ball 2-2: Ground out 4-3 (Groundball, 13)
|
Batting: LHB Johnny Foley
|
0-0: Ball 1-0: DOUBLE (Groundball, 3L)
|
Batting: RHB Terry Perkins
|
0-0: Called Strike 0-1: Ball 1-1: Ball 2-1: Swinging Strike 2-2: Strikes out looking
|
Batting: RHB Félix Gonzáles
|
0-0: Ball 1-0: Ball 2-0: Ground out 4-3 (Groundball, 4S)
|
Bottom of the 6th over - 0 run(s), 1 hit(s), 0 error(s), 1 left on base; Surrey 5 - Eau Claire 5 |
TOP OF THE 7TH |
Surrey Sinners batting - Pitching for Eau Claire Esquires : RHP Robinson Alomar
|
Pinch Hitting: LHB Juan Hinojosa
|
0-0: Called Strike 0-1: Swinging Strike 0-2: Ball 1-2: Foul Ball, location: 2F 1-2: Foul Ball, location: 2F 1-2: Ball 2-2: Ball 3-2: Ground out 6-3 (Groundball, 6)
|
Pinch Hitting: RHB Jesús Lara
|
0-0: Called Strike 0-1: Called Strike 0-2: Ground out 6-3 (Groundball, 6)
|
Batting: RHB Augusto Trevino
|
0-0: Foul Ball, location: 2F 0-1: Fly out, F9 (Flyball, 89M)
|
Top of the 7th over - 0 run(s), 0 hit(s), 0 error(s), 0 left on base; Surrey 5 - Eau Claire 5 |
BOTTOM OF THE 7TH |
Eau Claire Esquires batting - Pitching for Surrey Sinners : LHP Dennis Morales
|
Now at 2B: Jesús Lara
|
|
Now in CF: Mitchell Darragh
|
|
Batting: LHB José Martínez
|
0-0: Called Strike 0-1: Ball 1-1: Foul Ball, location: 2F 1-2: Foul Ball, location: 2F 1-2: Ball 2-2: Foul Ball, location: 2F 2-2: Ball 3-2: Foul Ball, location: 2F 3-2: Fly out, F5 (Popup, 25F)
|
Pitching: RHP Juan Fonseca
|
|
Pinch Hitting: RHB Jon Krohne
|
0-0: Called Strike 0-1: Ground out 5-3 (Groundball, 5S)
|
Pinch Hitting: RHB Ramón Ybarra
|
0-0: Ball 1-0: Foul Ball, location: 2F 1-1: Ball 2-1: Ball 3-1: Base on Balls
|
Pinch Hitting: LHB Jesús Bueno
|
0-0: SINGLE (Line Drive, 9LM) Ramón Ybarra to second
|
Batting: RHB Dave Anderson
|
0-0: Ball 1-0: Called Strike 1-1: Ball 2-1: Called Strike 2-2: Fly out, F3 (Popup, 3DF)
|
Bottom of the 7th over - 0 run(s), 1 hit(s), 0 error(s), 2 left on base; Surrey 5 - Eau Claire 5 |
TOP OF THE 8TH |
Surrey Sinners batting - Pitching for Eau Claire Esquires : RHP Robinson Alomar
|
Now at 2B: Gary Roberts
|
|
Now at 3B: Ramón Ybarra
|
|
Now in LF: Jesús Bueno
|
|
Pinch Hitting: RHB Ramón Molina
|
0-0: Ball 1-0: Foul Ball, location: 2F 1-1: Ground out 1-3 (Groundball, 13)
|
Pitching: RHP Neil Birss
|
|
Batting: RHB Cooper Richard
|
0-0: Fly out, F4 (Popup, 3F)
|
Batting: LHB Buddy Rice
|
0-0: Swinging Strike 0-1: Foul Ball, location: 2F 0-2: Ball 1-2: Fly out, F7 (Flyball, 7D)
|
Top of the 8th over - 0 run(s), 0 hit(s), 0 error(s), 0 left on base; Surrey 5 - Eau Claire 5 |
BOTTOM OF THE 8TH |
Eau Claire Esquires batting - Pitching for Surrey Sinners : RHP Juan Fonseca
|
Now at SS: Eugene Booth
|
|
Batting: SHB Álex Hernández
|
0-0: Ball 1-0: Foul Ball, location: 2F 1-1: Fly out, F9 (Flyball, 9M)
|
Pitching: LHP Orlando Morales
|
|
Pinch Hitting: RHB Fernando Castellanos
|
0-0: Swinging Strike 0-1: Foul Ball, location: 2F 0-2: Ball 1-2: SOLO HOME RUN (Flyball, 9D), Distance : 355 ft
|
Pitching: RHP Bob Martin
|
|
Batting: RHB Terry Perkins
|
0-0: Ground out 6-3 (Groundball, 6)
|
Batting: RHB Félix Gonzáles
|
0-0: Called Strike 0-1: Swinging Strike 0-2: Strikes out swinging
|
Bottom of the 8th over - 1 run(s), 1 hit(s), 0 error(s), 0 left on base; Surrey 5 - Eau Claire 6 |
TOP OF THE 9TH |
Surrey Sinners batting - Pitching for Eau Claire Esquires : RHP Neil Birss
|
Pitching: LHP Adrian Bryant
|
|
Now at 1B: Pancho Álvarez
|
|
Now in RF: Jason Stover
|
|
Pinch Hitting: RHB Ryan Parrish
|
0-0: Swinging Strike 0-1: Swinging Strike 0-2: Ball 1-2: Ball 2-2: Strikes out looking
|
Batting: RHB Shawn Gutiérrez
|
0-0: Called Strike 0-1: Foul Ball, location: 2F 0-2: Foul Ball, location: 2F 0-2: SOLO HOME RUN (Flyball, 7D), Distance : 342 ft
|
Batting: LHB Tony Smith
|
0-0: Ball 1-0: Ball 2-0: SINGLE (Groundball, 34D)
|
Batting: RHB Mitchell Darragh
|
0-0: Ball 1-0: Called Strike 1-1: SINGLE (Groundball, 56D) Tony Smith to second
|
Batting: RHB Jesús Lara
|
0-0: Ball 1-0: Fielders Choice at 2nd, 1-6 (Groundball, 23) Tony Smith to third
|
Batting: RHB Augusto Trevino
|
0-0: Ball 1-0: Called Strike 1-1: Swinging Strike 1-2: Foul Ball, location: 2F 1-2: Strikes out swinging
|
Top of the 9th over - 1 run(s), 3 hit(s), 0 error(s), 2 left on base; Surrey 6 - Eau Claire 6 |
BOTTOM OF THE 9TH |
Eau Claire Esquires batting - Pitching for Surrey Sinners : RHP Bob Martin
|
Pitching: LHP Henry Brown
|
|
Now at SS: Jamie Swyers
|
|
Batting: LHB José Martínez
|
0-0: Swinging Strike 0-1: Called Strike 0-2: Ball 1-2: Ball 2-2: Foul Ball, location: 2F 2-2: Strikes out swinging
|
Pinch Hitting: RHB Félix Trevino
|
0-0: Ball 1-0: Ball 2-0: Ball 3-0: Called Strike 3-1: Foul Ball, location: 2F 3-2: Base on Balls
|
Batting: RHB Ramón Ybarra
|
0-0: Ball 1-0: Ball 2-0: Ground out 5-3 (Groundball, 6) Félix Trevino to second
|
Batting: LHB Jesús Bueno
|
0-0: Ball 1-0: Called Strike 1-1: Swinging Strike 1-2: Strikes out looking
|
Bottom of the 9th over - 0 run(s), 0 hit(s), 0 error(s), 1 left on base; Surrey 6 - Eau Claire 6 |
TOP OF THE 10TH |
Surrey Sinners batting - Pitching for Eau Claire Esquires : LHP Adrian Bryant
|
Now at 2B: Eitor Carocha
|
|
Batting: RHB Eugene Booth
|
0-0: Ball 1-0: Foul Ball, location: 2F Reached via error on a dropped throw, E1
|
Batting: RHB Cooper Richard
|
0-0: Ball 1-0: Bunted foul 1-1: Sac Bunt - play at first, batter OUT! 1-4 Eugene Booth to second
|
Batting: LHB Buddy Rice
|
0-0: Intentional Walk
|
Batting: RHB Jamie Swyers
|
0-0: Called Strike 0-1: Ball 1-1: Fly out, F7 (Flyball, 7S)
|
Batting: RHB Shawn Gutiérrez
|
0-0: Called Strike 0-1: Ground out 5-3 (Groundball, 56)
|
Top of the 10th over - 0 run(s), 0 hit(s), 1 error(s), 2 left on base; Surrey 6 - Eau Claire 6 |
BOTTOM OF THE 10TH |
Eau Claire Esquires batting - Pitching for Surrey Sinners : LHP Henry Brown
|
Batting: RHB Dave Anderson
|
0-0: Swinging Strike 0-1: Foul Ball, location: 2F 0-2: Ground out U3 (Groundball, 3)
|
Batting: SHB Álex Hernández
|
0-0: Ball 1-0: Ground out 6-3 (Groundball, 6M)
|
Batting: RHB Jason Stover
|
0-0: TRIPLE (Line Drive, 78D)
|
Pinch Hitting: RHB Eugenio Maldonado
|
0-0: Ball 1-0: Foul Ball, location: 2F 1-1: Ball 2-1: SINGLE (Groundball, 6MD) Jason Stover scores
|
Monday, December 5th, 2016 - OOTP Baseball 17.12 Build 75
|
|